 Dungeon Crawl Stone Soup version 0.26-a0-466-g989023bd0d (webtiles) character file.

Game seed: 16299508087771141018

7714 DeltaSign the Cleaver (level 11, -6/97 HPs)
             Began as a Minotaur Berserker on July 30, 2020.
             Was a High Priest of Trog.
             Mangled by Beaer's ghost (17 damage)
             ... on level 8 of the Dungeon.
             The game lasted 00:17:17 (10452 turns).

DeltaSign the Cleaver (Minotaur Berserker)         Turns: 10452, Time: 00:17:17

Health: -6/97      AC: 17    Str: 22    XL:     11   Next: 0%
Magic:  10/10      EV: 14    Int:  4    God:    Trog [*****.]
Gold:   404        SH:  0    Dex: 13    Spells: 10/10 levels left

rFire    . . .     SeeInvis .   o - +0 war axe
rCold    . . .     Faith    .   y - +0 buckler
rNeg     . . .     Spirit   .   k - +0 chain mail
rPois    +         Reflect  .   (helmet restricted)
rElec    .         Harm     .   A - +0 cloak
rCorr    .                      F - +2 pair of gloves
MR       .....                  u - +0 pair of boots
Stlth    ..........             (no amulet)
HPRegen  0.26/turn              j - ring of poison resistance
MPRegen  0.12/turn              C - +4 ring of evasion

@: confused, berserk cooldown, slowed, very slow
A: retaliatory headbutt, horns 2
a: Berserk, Trog's Hand, Brothers in Arms, Renounce Religion


You were on level 8 of the Dungeon.
You worshipped Trog.
Trog was extremely pleased with you.
You visited 1 branch of the dungeon, and saw 8 of its levels.

You collected 404 gold pieces.

Inventory:

Hand Weapons
 o - a +0 war axe (weapon)
Armour
 k - a +0 chain mail (worn)
 u - a +0 pair of boots (worn)
 y - a +0 buckler (worn)
 A - a +0 cloak (worn)
 F - a +2 pair of gloves (worn)
Jewellery
 j - a ring of poison resistance (left hand)
 C - a +4 ring of evasion (right hand)
Wands
 c - a wand of acid (10)
 g - a wand of paralysis (2)
Scrolls
 a - 2 scrolls of magic mapping
 f - 4 scrolls of remove curse
 h - a scroll of blinking {unknown}
 i - 6 scrolls of teleportation
 m - a scroll of noise {unknown}
 q - 2 scrolls of enchant armour
 r - 4 scrolls of random uselessness {unknown}
 s - 2 scrolls of fear {unknown}
 z - a scroll of identify
 E - a scroll of enchant weapon {unknown}
 H - 3 scrolls of acquirement {unknown}
Potions
 b - 3 potions of haste
 e - 5 potions of curing
 l - 4 potions of stabbing {unknown}
 n - 2 potions of lignification {unknown}
 p - a potion of heal wounds {unknown}
 t - a potion of brilliance {unknown}
 v - 2 potions of mutation {unknown}
 w - 2 potions of magic {unknown}
 x - a potion of invisibility {unknown}
 B - a potion of berserk rage {unknown}
 D - a potion of resistance {unknown}
 G - a potion of flight {unknown}


   Skills:
 + Level 9.3 Fighting
 * Level 12.3 Axes
 + Level 8.9 Armour
 - Level 5.1 Dodging
 * Level 9.6 Shields


You had 10 spell levels left.
You didn't know any spells.
Your spell library was empty.

Dungeon Overview and Level Annotations

Branches:
Dungeon (8/15)             Temple (0/1) D:7            Lair (0/6) D:8

Altars:
Fedhas
Gozag
Makhleb
Nemelex Xobeh
Trog
Vehumet
Wu Jian

Shops:
D:5 }   D:6 *

Annotations:
D:6 exclusion: statue
D:8 Beaer's ghost, novice GrFi


Innate Abilities, Weirdness & Mutations

You reflexively headbutt those who attack you in melee.
You have a pair of horns on your head.


Message History

* * * LOW HITPOINT WARNING * * *
You hit Beaer's ghost but do no damage.
Beaer's ghost is almost destroyed.
Beaer's ghost hits you but does no damage.
You block Beaer's ghost's attack.
You closely miss Beaer's ghost. Your headbutt misses Beaer's ghost.
Beaer's ghost is severely damaged.
Beaer's ghost hits you but does no damage.
You completely miss Beaer's ghost.
Beaer's ghost is severely damaged.
Beaer's ghost barely misses you.
You closely miss Beaer's ghost.
Beaer's ghost is severely damaged.
Beaer's ghost hits you but does no damage.
Beaer's ghost says, "Ah, a second chance to prove myself in battle!"
Beaer's ghost hits you.
* * * LOW HITPOINT WARNING * * *
You are confused.
You feel invigorated. Beaer's ghost hits you!
You die...

#..# #..#..#...=.. #..#...#...###
#..###..#..##..... #..#.....###
#.......#...###(?##..##.#####
##..##..##....####...#..#
.....#...#..........##.###### #
###..###.##.........#..###..#####
§§##..##..##.......##..).........
§§(#.#.##..###'W'###..#..#######.
§≈.#.##.##......@....#..## ###
§..#.##..###....##.##..## ##..
..##.##...#....###.##.## ##...
###..##...#...####....#######.##.
........###...............##..###
###....####......................
##.............................
#....................[.........
#.#######......................


You could see Beaer's ghost.

Vanquished Creatures
  3 two-headed ogres
  The ghost of sanka the Carver, a novice HaDe of Hepliaklqana (D:7)
  Joseph (D:7)
  A troll (D:8)
  Sigmund (D:6)
  Eustachio (D:5)
  3 water moccasins
  A black bear (D:7)
  7 ice beasts
  2 orc warriors
  2 phantoms
  8 ogres
  6 wolves (D:8)
  A sky beast (D:8)
  A centaur (D:8)
  2 bullfrogs
  A scorpion (D:4)
  3 wights (D:6)
  6 electric eels (D:8)
  4 howler monkeys
  A crimson imp (D:8)
  A bullfrog zombie (D:6)
  4 orc priests
  8 hounds
  A bullfrog skeleton (D:6)
  Jessica (D:3)
  An iguana (D:5)
  2 orc wizards
  Natasha (thrice) (D:3)
  4 worker ants
  A hound skeleton (D:8)
  A howler monkey zombie (D:8)
  4 gnolls (D:3)
  12 adders
  A howler monkey skeleton (D:4)
  A shadow imp (D:3)
  3 white imps (D:8)
  2 ufetubi
  3 oozes
  An adder zombie (D:7)
  6 worms
  2 dart slugs
  A leopard gecko (D:7)
  22 orcs
  3 giant cockroaches
  3 goblins
  9 hobgoblins
  15 jackals
  6 kobolds
  7 quokkas
  3 ball pythons
  10 bats
  8 frilled lizards
  A jackal simulacrum (D:8)
  A quokka skeleton (D:8)
  11 rats
218 creatures vanquished.

Notes
Turn   | Place    | Note
-------+----------+-------------------------------------------
     0 | D:1      | DeltaSign the Minotaur Berserker began the quest for the
                  | Orb.
     0 | D:1      | Reached XP level 1. HP: 19/19 MP: 0/0
   181 | D:1      | Reached XP level 2. HP: 20/27 MP: 1/1
   297 | D:1      | Reached skill level 4 in Axes
   492 | D:1      | Reached XP level 3. HP: 33/33 MP: 2/2
   523 | D:1      | Reached ** piety under Trog
   667 | D:2      | Found a blossoming altar of Fedhas.
   966 | D:2      | Reached XP level 4. HP: 28/40 MP: 3/3
  1716 | D:3      | Noticed Jessica
  1721 | D:3      | Killed Jessica
  1721 | D:3      | Reached skill level 5 in Axes
  1746 | D:3      | Found an opulent altar of Gozag.
  1749 | D:3      | Found an ornate altar of the Wu Jian Council.
  1756 | D:3      | Found a transporter.
  1767 | D:3      | Found a transporter.
  1845 | D:3      | Reached *** piety under Trog
  1862 | D:3      | Reached XP level 5. HP: 38/47 MP: 4/4
  2419 | D:3      | Found a bloodstained altar of Trog.
  2911 | D:3      | Found a sparkling altar of Nemelex Xobeh.
  3021 | D:3      | Noticed Natasha
  3025 | D:3      | Killed Natasha
  3025 | D:3      | Reached XP level 6. HP: 55/55 MP: 5/5
  3160 | D:3      | Found a transporter.
  3165 | D:3      | Found a transporter.
  3201 | D:3      | Found an ornate altar of the Wu Jian Council.
  3256 | D:3      | Found an opulent altar of Gozag.
  3410 | D:3      | Found a sparkling altar of Nemelex Xobeh.
  3672 | D:3      | Found a bloodstained altar of Trog.
  3744 | D:3      | Noticed Natasha
  3749 | D:3      | Killed Natasha
  3749 | D:3      | Reached skill level 6 in Axes
  4157 | D:3      | Found a bloodstained altar of Trog.
  4228 | D:3      | Found an opulent altar of Gozag.
  4229 | D:3      | Found an ornate altar of the Wu Jian Council.
  4231 | D:3      | Found a transporter.
  4281 | D:3      | Found a transporter.
  4363 | D:3      | Found a sparkling altar of Nemelex Xobeh.
  4440 | D:3      | Noticed Natasha
  4449 | D:3      | Killed Natasha
  4449 | D:3      | Reached skill level 5 in Fighting
  5251 | D:4      | Reached XP level 7. HP: 61/61 MP: 6/6
  5578 | D:4      | Reached **** piety under Trog
  5631 | D:4      | Reached skill level 7 in Axes
  5790 | D:5      | Entered Level 5 of the Dungeon
  5878 | D:5      | Found a burning altar of Makhleb.
  5884 | D:5      | Reached skill level 5 in Armour
  5931 | D:5      | Noticed Eustachio
  5964 | D:5      | Killed Eustachio
  5999 | D:5      | Found Ycrilaro's Gadget Emporium.
  6307 | D:5      | Reached XP level 8. HP: 70/70 MP: 7/7
  6413 | D:6      | Reached skill level 8 in Axes
  6413 | D:6      | Reached skill level 5 in Dodging
  6432 | D:6      | Noticed Sigmund
  6478 | D:6      | Killed Sigmund
  6478 | D:6      | Reached skill level 1 in Shields
  6790 | D:6      | Reached skill level 9 in Axes
  6962 | D:6      | Found a radiant altar of Vehumet.
  6981 | D:6      | Found Vetwaz's General Store.
  7215 | D:7      | Found a staircase to the Ecumenical Temple.
  7215 | D:7      | Noticed Joseph
  7269 | D:7      | Paralysed by Joseph for 4 turns
  7277 | D:6      | Reached XP level 9. HP: 66/79 MP: 8/8
  7573 | D:7      | Paralysed by Joseph for 7 turns
  7589 | D:7      | Paralysed by Joseph for 2 turns
  7597 | D:7      | Killed Joseph
  7597 | D:7      | Reached skill level 5 in Shields
  7865 | D:7      | Reached skill level 10 in Axes
  8048 | D:7      | Found a transporter.
  8049 | D:7      | Noticed sanka's ghost (novice HaDe)
  8051 | D:7      | Identified the +1 great mace of the Jumping Augurer {venom,
                  | Dex+4}
  8051 | D:7      | Noticed a two-headed ogre
  8057 | D:7      | Found a transporter.
  8128 | D:7      | Found a sparkling altar of Nemelex Xobeh.
  8324 | D:7      | Killed a two-headed ogre
  8328 | D:7      | Killed sanka's ghost
  8328 | D:7      | Reached skill level 11 in Axes
  8328 | D:7      | Reached XP level 10. HP: 89/89 MP: 9/9
  8446 | D:8      | Reached ***** piety under Trog
  8488 | D:8      | Noticed a two-headed ogre
  8494 | D:8      | Killed a two-headed ogre
  8605 | D:8      | Found a runed translucent gate.
  8605 | D:8      | Found a runed translucent gate.
  8605 | D:8      | Found a runed translucent gate.
  8884 | D:8      | Noticed a two-headed ogre
  8892 | D:8      | Killed a two-headed ogre
  8892 | D:8      | Reached skill level 12 in Axes
  9315 | D:8      | Found a staircase to the Lair.
 10211 | D:8      | Received a gift from Trog
 10375 | D:8      | Noticed Beaer's ghost (novice GrFi)
 10430 | D:8      | Reached XP level 11. HP: 44/97 MP: 10/10
 10451 | D:8      | HP: 2/97 [Beaer's ghost (4)]
 10452 | D:8      | Mangled by Beaer's ghost

Illustrated notes

Levels and vault maps discovered:
D:1:      grunt_arrival_crossed_arrows, layout_basic
D:2:      layout_basic, fedhas_altar_2
D:3:      layout_basic, marbit_many_paths, gammafunk_temple_overflow_arena,
          lemuel_crystal_altar, eino_tiny_chamber, minmay_checkerbox,
          uniq_natasha, uniq_jessica
D:4:      layout_gridville
D:5:      layout_rooms, makhleb_blood_cavern_becter, serial_shops,
          shop_fountains, uniq_eustachio
D:6:      layout_cave_pools, vehumet_statue, serial_shops, kennysheep_mini_moat,
          uniq_sigmund
D:7:      layout_rooms, minmay_temple_entry_proselytizer, gammafunk_ghost_smash,
          grunt_ministairs_15, nemelex_spade_bored_becter, uniq_joseph
D:8:      layout_layer_cave, erik_lair_island, gammafunk_ghost_icy,
          minmay_misc_feat_five, minmay_fire_ice_demons

Skill      XL: |  1  2  3  4  5  6  7  8  9 10 |
---------------+-------------------------------+-----
Axes           | 4 5 6 7 9 11 12 | 12.3
Fighting       | 4 5 6 7 8 9 |  9.3
Armour         | 3 4 5 6 7 8 |  8.9
Dodging        | 3 4 5 |  5.1
Shields        | 4 7 9 |  9.6

Action                   |  1- 3 |  4- 6 |  7- 9 | 10-12 || total
-------------------------+-------+-------+-------+-------++-------
Melee: Hand axe          |    94 |    64 |       |       ||   158
       Headbutt          |    13 |    30 |    48 |    33 ||   124
       War axe           |       |    81 |   227 |   163 ||   471
Invok: Berserk           |       |     2 |     2 |     2 ||     6
Evoke: Wand              |       |       |       |    13 ||    13
  Use: Scroll            |       |     4 |     5 |       ||     9
       Potion            |       |       |       |     1 ||     1
Armor: Scale mail        |    47 |     1 |       |       ||    48
       Chain mail        |       |    80 |   149 |    64 ||   293
Dodge: Dodged            |    52 |    70 |   145 |    99 ||   366
Block: Buckler           |       |       |    28 |    57 ||    85

Table legend: (Time is in decaauts)
 A = Elapsed time spent in this place.
 B = Non-inter-level travel time spent in this place.
 C = Inter-level travel time spent in this place.
 D = Time resting spent in this place.
 E = Time spent auto-exploring this place.
 F = Levels seen in this place.
 G = Mean time per level.
                   A        B        C        D        E       F      G
               +--------+--------+--------+--------+--------+-----+--------+
         Total |  10554 |  10222 |    332 |   1540 |   7227 |   8 | 1319.2 |
       Dungeon |  10554 |  10222 |    332 |   1540 |   7227 |   8 | 1319.2 |
               +--------+--------+--------+--------+--------+-----+--------+

Top non-repeatable levels by time:
     D:3: 3295 daAuts
     D:8: 2057 daAuts
     D:6: 1126 daAuts
     D:2: 1009 daAuts
     D:4: 874 daAuts
     D:5: 772 daAuts
     D:7: 747 daAuts
     D:1: 670 daAuts
